 Dungeon Crawl Stone Soup version 0.23-a0-767-gdc19b93d68 (webtiles) character file.

135 Hercules1031 the Skirmisher (level 4, 21/42 HPs)
             Began as a Draconian Berserker on Jan 28, 2019.
             Was a Believer of Trog.
             Got out of the dungeon alive.
             The game lasted 00:04:31 (2595 turns).

Hercules1031 the Skirmisher (Draconian Berserker)   Turns: 2595, Time: 00:04:31

Health: 21/42      AC:  5    Str: 20 (21) XL:     4   Next: 96%
Magic:  4/4        EV: 14    Int:  7      God:    Trog [**....]
Gold:   75         SH:  0    Dex:  9 (10) Spells: 3/3 levels left

rFire    . . .     SeeInvis .   a - +0 hand axe
rCold    . . .     Gourm    .   (no shield)
rNeg     . . .     Faith    .   (armour unavailable)
rPois    .         Spirit   .   (helmet restricted)
rElec    .         Reflect  .   (no cloak)
rCorr    .         Harm     .   (no gloves)
MR       .....                  (no boots)
Stlth    +.........             (no amulet)
HPRegen  0.14/turn              d - +1 ring of evasion
MPRegen  0.09/turn              (no ring)

@: no status effects
A: unfitting armour, cold-blooded, AC +5
a: Berserk, Trog's Hand, Renounce Religion


You escaped.
You worshipped Trog.
Trog was pleased with you.
You were completely stuffed.

You visited 1 branch of the dungeon, and saw 2 of its levels.

You collected 75 gold pieces.

Inventory:

Hand Weapons
 a - a +0 hand axe (weapon)
 e - a +3 quarterstaff of chaos
Armour
 j - a +0 cloak
Jewellery
 d - a +1 ring of evasion (left hand)
Scrolls
 c - a scroll of amnesia {unknown}
 f - 4 scrolls of remove curse {unknown}
 g - a scroll of noise {unknown}
 h - a scroll of identify {unknown}
 i - 2 scrolls of teleportation {unknown}
Comestibles
 b - a ration


   Skills:
 * Level 5.0 Fighting
 + Level 3.8 Axes
 + Level 3.4 Dodging


You had 3 spell levels left.
You didn't know any spells.
Your spell library was empty.

Dungeon Overview and Level Annotations

Branches:
Dungeon (2/15)

Altars:
Hepliaklqana
Nemelex Xobeh


Innate Abilities, Weirdness & Mutations

Your plain brown scales are hard. (AC +5)
You cannot fit into any form of body armour.
You are cold-blooded and may be slowed by cold attacks.


Message History

Things that are here:
a +3 quarterstaff of chaos; a +0 cloak; the gnoll corpse of Crazy Yiuf
Things that are here:
a +3 quarterstaff of chaos; a +0 cloak; the gnoll corpse of Crazy Yiuf
e - a +3 quarterstaff of chaos;
j - a +0 cloak Unknown command.
There is an open door, spattered with blood here.
There is an open door here.
There is an open door here.
There is a stone staircase leading up here.
You climb upwards.
There is a stone staircase leading down here.
You see here a +0 short sword.
There is a stone staircase leading down here.
You see here a ring mail.
There is an open door here.
There is a staircase leading out of the dungeon here.
You can't go down here!
Are you sure you want to leave the Dungeon?
This will make you lose the game!
You have escaped!

)...##.# #########.#..#####.
.......# #.#........ ########
#.#.######) # ##########.#.#..#
#. # ###.#.#.#..#.#.#..# #.
#..#.#.#.#.#.#.#..# #.
#.#.#.#.#....#.#..# #.
######..#.#.#.##.##.#..# #.
#######.(....#.#@#.#.#.##.#..# #.
......'......+#.#.#.##.##.#..###.
.######......#.#.#.#.#....#......
.#..# #......+#.#.#.#######.#####
.#..# #......####(...............
.#..# #......##############.#####
.#.†########................#
.#.....# ##################
.##.##.####


There were no monsters in sight!

Vanquished Creatures
  Crazy Yiuf (D:2)
  Terence (D:2)
  3 adders (D:2)
  A worm (D:2)
  A dart slug (D:2)
  8 bats
  3 giant cockroaches
  4 goblins
  6 hobgoblins
  5 jackals (D:2)
  2 quokkas (D:2)
  4 frilled lizards
  3 kobolds
  7 rats
49 creatures vanquished.

Vanquished Creatures (others)
  A rat (D:1)
1 creature vanquished.

Grand Total: 50 creatures vanquished

Notes
Turn   | Place    | Note
-------+----------+-------------------------------------------
     0 | D:1      | Hercules1031 the Draconian Berserker began the quest for
                  | the Orb.
     0 | D:1      | Reached XP level 1. HP: 19/19 MP: 1/1
   566 | D:1      | Reached XP level 2. HP: 26/26 MP: 2/2
   979 | D:2      | Found a hazy altar of Hepliaklqana.
   998 | D:2      | Reached skill level 4 in Fighting
  1044 | D:2      | Reached XP level 3. HP: 21/33 MP: 3/3
  1212 | D:2      | Reached ** piety under Trog
  1585 | D:2      | Found a sparkling altar of Nemelex Xobeh.
  1635 | D:2      | Noticed Terence
  1654 | D:2      | Killed Terence
  1654 | D:2      | Reached XP level 4. HP: 19/41 MP: 4/4
  1774 | D:2      | Found a runed door.
  2476 | D:2      | Noticed Crazy Yiuf
  2490 | D:2      | Killed Crazy Yiuf
  2490 | D:2      | Reached skill level 5 in Fighting
  2595 | D:$      | Got out of the dungeon alive.

Vault maps used:
D:1:      lightli_arrival_chessboard, st_stairs_3, lemuel_old_faithful
D:2:      lemuel_crystal_altar, lemuel_doored_altar, lightli_corner_chamber,
          uniq_crazy_yiuf_cottage, uniq_terence

Skill      XL: |  1  2  3  4 |
---------------+-------------+-----
Fighting       | 4 5 |  5.0
Dodging        | 3 |  3.4
Axes           | |  3.8

Action                   |  1- 3 |  4- 6 || total
-------------------------+-------+-------++-------
Melee: Hand axe          |   130 |    51 ||   181
       Tailslap          |    14 |     3 ||    17
  Use: Potion            |     2 |       ||     2
  Eat: Ration            |     1 |     3 ||     4
Armor: Skin              |    49 |    14 ||    63
Dodge: Dodged            |   115 |    35 ||   150

Table legend:
 A = Non-vault XP
 B = Vault XP
 C = Vault XP percentage of total XP
 D = Non-vault monster count
 E = Vault monster count
 F = Vault count percentage of total count
                 A         B        C        D         E       F
            +---------+---------+-------+---------+---------+-------
      Total |     111 |      82 |  42.5 |      44 |       5 |  10.2
            +---------+---------+-------+---------+---------+-------
        D:1 |      28 |       4 |  12.5 |      19 |       3 |  13.6
        D:2 |      83 |      78 |  48.4 |      25 |       2 |   7.4
            +---------+---------+-------+---------+---------+-------
